 Dungeon Crawl Stone Soup version 0.21.1-1-g345015f (webtiles) character file.

11 letownia2 the Conjurer (level 2, 0/15 HPs)
             Began as a Tengu Wizard on Mar 2, 2018.
             Slain by a scorpion (3 damage)
             ... on level 4 of the Dungeon.
             The game lasted 00:01:39 (286 turns).

letownia2 the Conjurer (Tengu Wizard)                Turns: 286, Time: 00:01:40

Health: 0/15       AC:  3    Str:  7    XL:     2   Next: 29%
Magic:  1/7        EV: 17    Int: 18    God:
Gold:   31         SH:  0    Dex: 17    Spells: 4/7 levels left

rFire    . . .     SeeInvis .   e - +2 dagger (holy)
rCold    . . .     Gourm    .   (no shield)
rNeg     . . .     Faith    .   l - +0 leather armour (curse)
rPois    +         Spirit   .   b - +0 hat
rElec    .         Reflect  .   (no cloak)
rCorr    .         Harm     .   (no gloves)
MR       .....                  (boots unavailable)
Stlth    +++.......             (no amulet)
HPRegen  0.05/turn              i - ring of poison resistance
MPRegen  0.10/turn              (no ring)

@: agile, very slightly contaminated, hasted, very quick
A: beak, talons 3
a: no special abilities


You were on level 4 of the Dungeon.
You were not hungry.

You visited 1 branch of the dungeon, and saw 4 of its levels.

You collected 31 gold pieces.

Inventory:

Hand Weapons
 e - a +2 dagger of holy wrath (weapon)
 o - a +0 quarterstaff
Armour
 a - a +0 robe
 b - a +0 hat (worn)
 l - a cursed +0 leather armour (worn)
Jewellery
 i - a ring of poison resistance (left hand)
Scrolls
 f - a scroll of identify {unknown}
 j - 2 scrolls of remove curse {unknown}
 k - a scroll of amnesia {unknown}
 n - a scroll of blinking {unknown}
Books
 c - a book of Minor Magic

   Spells                             Type                      Level
   a - Magic Dart                     Conjuration                  1
   b - Blink                          Translocation                2
   c - Call Imp                       Summoning                    2
   d - Slow                           Hexes                        2
   e - Conjure Flame                  Conjuration/Fire             3
   f - Mephitic Cloud                 Conjuration/Poison/Air       3
Comestibles
 d - 2 rations
 m - 4 chunks of flesh


   Skills:
 - Level 2.1 Dodging
 - Level 2.0 Stealth
 - Level 3.0 Spellcasting
 + Level 3.1 Conjurations
 - Level 1.2 Summonings
   Level 0.7 Translocations


You had 4 spell levels left.
You knew the following spells:

 Your Spells              Type           Power        Failure   Level  Hunger
a - Magic Dart            Conj           ##..         7%          1    None
i - Call Imp              Summ           #.......     22%         2    ##.....


Dungeon Overview and Level Annotations

Branches:
Dungeon (4/15)
 Temple: D:4-7

Altars:
Zin

Annotations:
D:4 exclusion: ogre


Innate Abilities, Weirdness & Mutations

You have a beak for a mouth.
You have claws for feet.


Message History

The magic dart hits the scorpion.
The scorpion is moderately wounded.
Casting: Magic Dart
Confirm with . or Enter, or press ? or * to list all spells.
Aiming: Magic Dart
Press: ? - help, Shift-Dir - straight line, f/p - scorpion
Aim: a scorpion (moderately wounded)
The magic dart hits the scorpion.
The scorpion is moderately wounded.
You completely miss the scorpion.
You peck the scorpion, but do no damage.
The scorpion is moderately wounded.
You closely miss the scorpion.
The scorpion is moderately wounded.
The scorpion completely misses you.
You barely miss the scorpion. Your kick misses the scorpion.
Your peck misses the scorpion.
The scorpion is moderately wounded.
The scorpion stings you.
You die...

########### #........(#
#.........#
##################.........#
#...........[s@............#
....###<.....................#
....###..##.########.........#
..#.....###..## ###########
##......# ##..# (..#..###
##.#### ###... #....## #..##.
####..# #..# ##.#


You could see a scorpion.

Vanquished Creatures
  A dart slug (D:1)
  An orc (D:3)
  2 goblins
  A hobgoblin (D:3)
  A bat (D:1)
  A frilled lizard (D:1)
  2 rats
9 creatures vanquished.

Notes
Turn   | Place    | Note
-------+----------+-------------------------------------------
     0 | D:1      | letownia2 the Tengu Wizard began the quest for the Orb.
     0 | D:1      | Reached XP level 1. HP: 10/10 MP: 5/5
    73 | D:3      | Found a glowing silver altar of Zin.
    84 | D:3      | Reached XP level 2. HP: 15/15 MP: 4/7
   101 | D:3      | Learned a level 2 spell: Call Imp
   213 | D:4      | Noticed an ogre
   256 | D:4      | Noticed a scorpion
   286 | D:4      | Slain by a scorpion

Skill      XL: |  1  2 |
---------------+-------+-----
Conjurations   | 2 3 |  3.1
Dodging        | |  2.1
Stealth        | |  2.0
Spellcasting   | |  3.0
Summonings     | |  1.2
Translocations | |  0.7

Action                   || total
-------------------------++-------
Melee: Dagger            ||    18
       Unarmed           ||     1
       Kick              ||     1
       Peck              ||     3
 Cast: Magic Dart        ||    17
  Use: Potion            ||     2
Armor: Robe              ||     3
Dodge: Dodged            ||    15
